 Dungeon Crawl Stone Soup version 0.27-a0-103-g6cd7b45605 (webtiles) character file.

Game seed: 3314458375808395174

142 knot the Chopper (level 5, 56/61 HPs)
             Began as a Demonspawn Berserker on Jan 22, 2021.
             Was a Believer of Trog.
             Quit the game on level 3 of the Dungeon.
             The game lasted 00:01:51 (3062 turns).

knot the Chopper (Demonspawn Berserker)             Turns: 3062, Time: 00:01:51

Health: 56/61      AC:  3    Str: 17    XL:     5   Next: 3%
Magic:  5/5        EV: 12    Int: 13    God:    Trog [**....]
Gold:   48         SH:  0    Dex: 13    Spells: 4/4 levels left

rFire    . . .     SeeInvis .   a - +0 hand axe
rCold    . . .     Faith    .   (no shield)
rNeg     . . .     Spirit   .   b - +0 animal skin
rPois    .         Reflect  .   (helmet restricted)
rElec    .         Harm     .   d - +0 cloak
rCorr    .         Rampage  .   (no gloves)
Will     ++...                  (no boots)
Stlth    ..........             (no amulet)
HPRegen  1.20/turn              (no ring)
MPRegen  0.09/turn              (no ring)

@: berserking, regenerating, very quick
A: horns 1, miasma immunity, big brain 2
a: Renounce Religion, Berserk, Trog's Hand


You were on level 3 of the Dungeon.
You worshipped Trog.
Trog was pleased with you.
You visited 1 branch of the dungeon, and saw 3 of its levels.

You collected 48 gold pieces.

Inventory:

Hand Weapons
 a - a +0 hand axe (weapon)
Missiles
 i - 25 stones
Armour
 b - a +0 animal skin (worn)
 d - a +0 cloak (worn)
Wands
 p - a wand of digging (1)
Scrolls
 c - a scroll of blinking {unknown}
 f - a scroll of immolation {unknown}
 g - 3 scrolls of remove curse {unknown}
 k - 2 scrolls of teleportation {unknown}
 l - a scroll of identify {unknown}
 n - a scroll of fog {unknown}
Potions
 e - a potion of mutation {unknown}
 h - 2 potions of curing {unknown}
 j - a potion of brilliance {unknown}
 m - a potion of cancellation {unknown}
 o - a potion of invisibility {unknown}


   Skills:
 - Level 3.0 Fighting
 + Level 5.2 Axes
 - Level 1.7 Armour
 - Level 1.7 Dodging


You had 4 spell levels left.
You didn't know any spells.
Your spell library contained the following spells:

 Spells                   Type           Power        Failure   Level
 Magic Dart               Conj           0%           30%         1
 Blink                    Tloc           N/A          43%         2
 Call Imp                 Summ           0%           43%         2
 Slow                     Hex            0%           43%         2
 Conjure Flame            Conj/Fire      0%           67%         3
 Mephitic Cloud           Conj/Pois/Air  0%           67%         3


Dungeon Overview and Level Annotations

Branches:
Dungeon (3/15)

Altars:
Gozag
Ru
Zin


Innate Abilities, Weirdness & Mutations

You have a pair of small horns on your head.
You are immune to miasma.
You have an extremely huge brain. (Int +4)


Message History

Items here: )) [ ††.
You hit the orc priest.
The orc priest is lightly wounded.
You barely miss the orc.
The orc priest hits you with a +0 trident.
The orc barely misses you.
You barely miss the orc priest. You headbutt the orc priest!
The orc priest is severely wounded.
You slash the orc!
You kill the orc!
Trog accepts your kill.
The orc priest hits you with a +0 trident.
You slash the orc priest!
You kill the orc priest!
Trog accepts your kill.
You barely miss the worm.
You have reached level 5!
Your demonic ancestry asserts itself...
You feel immune to miasma.
Are you sure you want to abandon this character and quit the game? (Confirm with "yes".)

..# # ..# . ...#
#. ...# #. #####
....#
#.##...##....#
##.#....#.#)....##
#.........@w.?....
...#.#.######..#..
#.#..........
#.#.#####..##
#....<†......
##########..#


You could see a worm.

Vanquished Creatures
  An orc priest (D:3)
  3 adders (D:2)
  An ooze (D:1)
  A worm (D:2)
  4 dart slugs
  5 leopard geckos
  3 orcs (D:3)
  8 bats
  3 giant cockroaches
  10 goblins
  10 hobgoblins
  2 frilled lizards (D:1)
  3 kobolds
  3 rats
57 creatures vanquished.

Notes
Turn   | Place    | Note
-------+----------+-------------------------------------------
     0 | D:1      | knot the Demonspawn Berserker began the quest for the Orb.
     0 | D:1      | Reached XP level 1. HP: 18/18 MP: 1/1
    17 | D:1      | Reached skill level 3 in Axes
   313 | D:1      | Gained mutation: You have an unusually large brain. (Int
                  | +2) [demonic ancestry]
   313 | D:1      | Reached XP level 2. HP: 20/24 MP: 2/2
   745 | D:1      | Gained mutation: You have an extremely huge brain. (Int +4)
                  | [demonic ancestry]
   745 | D:1      | Reached XP level 3. HP: 21/29 MP: 3/3
   747 | D:1      | Reached skill level 4 in Axes
  1595 | D:1      | Reached ** piety under Trog
  1958 | D:2      | Gained mutation: You have a pair of small horns on your
                  | head. [demonic ancestry]
  1958 | D:2      | Reached XP level 4. HP: 34/35 MP: 4/4
  2155 | D:2      | Found a glowing silver altar of Zin.
  2835 | D:2      | Found a sacrificial altar of Ru.
  2889 | D:2      | Found an opulent altar of Gozag.
  3058 | D:3      | Reached skill level 5 in Axes
  3062 | D:3      | Gained mutation: You are immune to miasma. [demonic
                  | ancestry]
  3062 | D:3      | Reached XP level 5. HP: 41/41 MP: 5/5
  3062 | D:3      | Quit the game

Illustrated notes

Levels and vault maps discovered:
D:1:      scummos_arrival_star, layout_loops_corners
D:2:      layout_basic, pdpol_temple_overflow_zin_treasury_gozag_greed,
          nicolae_ru_the_path_less_chosen, kennysheep_generic_room_12
D:3:      lemuel_upstairs_altar, layout_basic, guppyfry_early_orc_mine

Skill      XL: |  1  2  3  4 |
---------------+-------------+-----
Axes           | 3 4 5 |  5.2
Fighting       | |  3.0
Armour         | |  1.7
Dodging        | |  1.7

Action                   |  1- 3 |  4- 6 || total
-------------------------+-------+-------++-------
Melee: Hand axe          |   120 |    62 ||   182
       Headbutt          |       |     9 ||     9
Invok: Berserk           |     3 |     4 ||     7
       Trog's Hand       |       |     1 ||     1
 Stab: Sleeping          |       |     1 ||     1
Armor: Animal skin       |    27 |    10 ||    37
Dodge: Dodged            |    95 |    53 ||   148

Table legend: (Time is in decaauts)
 A = Elapsed time spent in this place.
 B = Non-inter-level travel time spent in this place.
 C = Inter-level travel time spent in this place.
 D = Time resting spent in this place.
 E = Time spent auto-exploring this place.
 F = Levels seen in this place.
 G = Mean time per level.
                   A        B        C        D        E       F      G
               +--------+--------+--------+--------+--------+-----+--------+
         Total |   3136 |   3087 |     49 |    818 |   1878 |   3 | 1045.3 |
       Dungeon |   3136 |   3087 |     49 |    818 |   1878 |   3 | 1045.3 |
               +--------+--------+--------+--------+--------+-----+--------+

Top non-repeatable levels by time:
     D:1: 1836 daAuts
     D:2: 1280 daAuts
     D:3: 19 daAuts
